PAA
ASHEVILLE HIGHLANDERS @ LANNISTER UNITED LIONHEARTS
09/05/2028
 
TOP OF THE 1ST
Asheville Highlanders batting - Pitching for Lannister United Lionhearts : LHP Gustavo Tobías
Pitching: LHP Gustavo Tobías
Batting: RHB Miguel Montoya 0-0: Called Strike
0-1: Swinging Strike
0-2: Ball
1-2: Foul Ball, location: 2F
1-2: Fly out, F6 (Popup, 6D)
Batting: RHB Chris Oudekirk 0-0: Called Strike
0-1: Ball
1-1: Foul Ball, location: 2F
1-2: Foul Ball, location: 2F
1-2: Ball
2-2: Foul Ball, location: 2F
2-2: Foul Ball, location: 2F
2-2: Fly out, F9 (Flyball, 9S)
Batting: LHB Tomás Valenzuela 0-0: Swinging Strike
0-1: Foul Ball, location: 2F
0-2: Ball
1-2: Strikes out looking
Top of the 1st over - 0 run(s), 0 hit(s), 0 error(s), 0 left on base; Asheville 0 - Lannister United 0
BOTTOM OF THE 1ST
Lannister United Lionhearts batting - Pitching for Asheville Highlanders : RHP Elend Venture
Pitching: RHP Elend Venture
Batting: RHB Rob Berry 0-0: Foul Ball, location: 2F
0-1: Ground out 6-3 (Groundball, 6)
Batting: RHB Breanainn Swartwood 0-0: Fly out, F4 (Line Drive, 4)
Batting: RHB Tabor de Maria 0-0: Fly out, F9 (Flyball, 9LM)
Bottom of the 1st over - 0 run(s), 0 hit(s), 0 error(s), 0 left on base; Asheville 0 - Lannister United 0
TOP OF THE 2ND
Asheville Highlanders batting - Pitching for Lannister United Lionhearts : LHP Gustavo Tobías
Batting: RHB Ron Spence 0-0: Called Strike
0-1: Swinging Strike
0-2: Fly out, F7 (Flyball, 7LS)
Batting: RHB Esteban Olivo 0-0: SINGLE (Line Drive, 7S)
Batting: RHB Jan Gosselin 0-0: Called Strike
0-1: Ball
1-1: Ball
2-1: Ball
3-1: Called Strike
3-2: Grounds into double play, 6-4-3 (Groundball, 6)
Top of the 2nd over - 0 run(s), 1 hit(s), 0 error(s), 0 left on base; Asheville 0 - Lannister United 0
BOTTOM OF THE 2ND
Lannister United Lionhearts batting - Pitching for Asheville Highlanders : RHP Elend Venture
Batting: LHB John O'Day 0-0: Ball
1-0: Ball
2-0: Ball
3-0: Called Strike
3-1: Foul Ball, location: 2F
3-2: Base on Balls
Batting: LHB Colin Worthington 0-0: Swinging Strike
0-1: Ball
1-1: Fly out, F6 (Popup, 5D)
Batting: RHB Ron Morton 0-0: Ball
1-0: Ball
2-0: Called Strike
2-1: Ball
3-1: Fly out, F4 (Popup, 3D)
Batting: RHB Howard Barton 0-0: Called Strike
0-1: Ball
1-1: Ball
2-1: SINGLE (Groundball, 6MD)
John O'Day to second
Batting: LHB Sting Ray Robb 0-0: Called Strike
0-1: Ball
1-1: Foul Ball, location: 2F
1-2: Fly out, F7 (Flyball, 7S)
Bottom of the 2nd over - 0 run(s), 1 hit(s), 0 error(s), 2 left on base; Asheville 0 - Lannister United 0
TOP OF THE 3RD
Asheville Highlanders batting - Pitching for Lannister United Lionhearts : LHP Gustavo Tobías
Batting: RHB Ed Lastinger 0-0: Ball
1-0: Called Strike
1-1: Ball
2-1: Foul Ball, location: 2F
2-2: Ball
3-2: Ground out U3 (Groundball, 3)
Batting: RHB Marshall Attwood 0-0: Foul Ball, location: 2F
0-1: DOUBLE (Line Drive, 7LM)
Batting: RHB Bill Tan 0-0: Called Strike
0-1: Fly out, F9 (Line Drive, 9S)
Batting: RHB Miguel Montoya 0-0: Ball
1-0: Ball
2-0: Ball
3-0: Called Strike
3-1: Fly out, F8 (Flyball, 8LS)
Top of the 3rd over - 0 run(s), 1 hit(s), 0 error(s), 1 left on base; Asheville 0 - Lannister United 0
BOTTOM OF THE 3RD
Lannister United Lionhearts batting - Pitching for Asheville Highlanders : RHP Elend Venture
Batting: RHB Andrés Escobar 0-0: Called Strike
0-1: SINGLE (Groundball, 34D)
Batting: RHB Rob Berry 0-0: Called Strike
0-1: Foul Ball, location: 2F
0-2: Foul Ball, location: 2F
0-2: SINGLE (Groundball, 34S) (infield hit)
Andrés Escobar to second
Batting: RHB Breanainn Swartwood 0-0: Swinging Strike
0-1: Called Strike
0-2: Ball
1-2: Strikes out looking
Batting: RHB Tabor de Maria 0-0: SINGLE (Flyball, 9S)
Andrés Escobar to third
Rob Berry to second
Runner from 3rd tries for Home, SAFE, throw made at trailing runner, SAFE at third!
Batting: LHB John O'Day 0-0: Ball
1-0: Ball
2-0: Called Strike
2-1: Foul Ball, location: 2F
2-2: Foul Ball, location: 2F
2-2: Foul Ball, location: 2F
2-2: Ball
3-2: Base on Balls
Tabor de Maria to second
Batting: LHB Colin Worthington 0-0: Swinging Strike
0-1: Called Strike
0-2: Strikes out looking
Batting: RHB Ron Morton 0-0: Foul Ball, location: 2F
0-1: Ball
1-1: Ball
2-1: Fly out, F8 (Flyball, 8LM)
Bottom of the 3rd over - 1 run(s), 3 hit(s), 0 error(s), 3 left on base; Asheville 0 - Lannister United 1
TOP OF THE 4TH
Asheville Highlanders batting - Pitching for Lannister United Lionhearts : LHP Gustavo Tobías
Batting: RHB Chris Oudekirk 0-0: Ball
1-0: Ball
2-0: Ground out 1-3 (Groundball, 15S)
Batting: LHB Tomás Valenzuela 0-0: Foul Ball, location: 2F
0-1: Ball
1-1: Foul Ball, location: 2F
1-2: Ball
2-2: Foul Ball, location: 2F
2-2: Strikes out swinging
Batting: RHB Ron Spence 0-0: Foul Ball, location: 2F
0-1: Ball
1-1: SINGLE (Line Drive, 78S)
Batting: RHB Esteban Olivo 0-0: Called Strike
0-1: Ball
1-1: Ball
2-1: Fly out, F4 (Line Drive, 4)
Top of the 4th over - 0 run(s), 1 hit(s), 0 error(s), 1 left on base; Asheville 0 - Lannister United 1
BOTTOM OF THE 4TH
Lannister United Lionhearts batting - Pitching for Asheville Highlanders : RHP Elend Venture
Batting: RHB Howard Barton 0-0: Ground out 1-3 (Groundball, 13)
Batting: LHB Sting Ray Robb 0-0: Ground out U3 (Groundball, 34)
Batting: RHB Andrés Escobar 0-0: Swinging Strike
0-1: Ball
1-1: Ball
2-1: SINGLE (Line Drive, 8LS)
Batting: RHB Rob Berry 0-0: Ball
1-0: Swinging Strike
1-1: Foul Ball, location: 2F
1-2: Foul Ball, location: 2F
1-2: Foul Ball, location: 2F
1-2: SINGLE (Groundball, 4MD)
Andrés Escobar to second
Batting: RHB Breanainn Swartwood 0-0: Ball
1-0: Swinging Strike
1-1: Foul Ball, location: 2F
1-2: Fielders Choice at 2nd, 5-4 (Groundball, 5)
Bottom of the 4th over - 0 run(s), 2 hit(s), 0 error(s), 1 left on base; Asheville 0 - Lannister United 1
TOP OF THE 5TH
Asheville Highlanders batting - Pitching for Lannister United Lionhearts : LHP Gustavo Tobías
Batting: RHB Jan Gosselin 0-0: SINGLE (Groundball, 6MD)
Batting: RHB Ed Lastinger 0-0: Ball
1-0: Bunt missed!
1-1: Ball
2-1: Sac Bunt - play at first, batter OUT! 2-4
Jan Gosselin to second
Batting: RHB Marshall Attwood 0-0: SINGLE (Groundball, 6MD)
Jan Gosselin to third
Runner from 3rd tries for Home, SAFE, throw made home
Batting: RHB Bill Tan 0-0: Called Strike
0-1: Swinging Strike
0-2: Strikes out swinging
Batting: RHB Miguel Montoya 0-0: Called Strike
0-1: Ball
1-1: Foul Ball, location: 2F
1-2: Fielders Choice at 2nd, 6-4 (Groundball, 56)
Top of the 5th over - 1 run(s), 2 hit(s), 0 error(s), 0 left on base; Asheville 1 - Lannister United 1
BOTTOM OF THE 5TH
Lannister United Lionhearts batting - Pitching for Asheville Highlanders : RHP Elend Venture
Batting: RHB Tabor de Maria 0-0: Foul Ball, location: 2F
0-1: Ball
1-1: SINGLE (Groundball, 6MD)
Batting: LHB John O'Day 0-0: Called Strike
0-1: Foul Ball, location: 2F
0-2: Ball
1-2: Grounds into double play, 5-4-3 (Groundball, 56)
Batting: LHB Colin Worthington 0-0: Foul Ball, location: 2F
0-1: Fly out, F9 (Flyball, 9S)
Bottom of the 5th over - 0 run(s), 1 hit(s), 0 error(s), 0 left on base; Asheville 1 - Lannister United 1
TOP OF THE 6TH
Asheville Highlanders batting - Pitching for Lannister United Lionhearts : LHP Gustavo Tobías
Batting: RHB Chris Oudekirk 0-0: Ball
1-0: SINGLE (Flyball, 9LS)
Batting: LHB Tomás Valenzuela 0-0: Ball
1-0: SINGLE (Groundball, 6MD)
Chris Oudekirk to second
Batting: RHB Ron Spence 0-0: Ball
1-0: Ball
2-0: Swinging Strike
2-1: Ball
3-1: Base on Balls
Chris Oudekirk to third
Tomás Valenzuela to second
Batting: RHB Esteban Olivo 0-0: DOUBLE (Line Drive, 78D)
Chris Oudekirk scores
Tomás Valenzuela scores
Ron Spence to third
Runner from 3rd tries for Home, SAFE, no throw
Batting: RHB Jan Gosselin 0-0: Ball
1-0: Ball
2-0: Foul Ball, location: 2F
2-1: Foul Ball, location: 2F
2-2: Foul Ball, location: 2F
2-2: Foul Ball, location: 2F
2-2: Ball
3-2: Foul Ball, location: 2F
3-2: Foul Ball, location: 2F
3-2: Ground out 4-3 (Groundball, 4)
Esteban Olivo to third
Batting: RHB Ed Lastinger 0-0: Ball
1-0: Ball
2-0: Ball
3-0: Base on Balls
Batting: RHB Marshall Attwood 0-0: Called Strike
0-1: SINGLE (Line Drive, 5)
Esteban Olivo scores
Ed Lastinger to second
Batting: RHB Bill Tan 0-0: Called Strike
0-1: Called Strike
0-2: Ball
1-2: Foul Ball, location: 2F
1-2: Ball
2-2: Grounds into double play, 6-4-3 (Groundball, 6)
Top of the 6th over - 4 run(s), 4 hit(s), 0 error(s), 1 left on base; Asheville 5 - Lannister United 1
BOTTOM OF THE 6TH
Lannister United Lionhearts batting - Pitching for Asheville Highlanders : RHP Elend Venture
Batting: RHB Ron Morton 0-0: Ball
1-0: Ball
2-0: Ball
3-0: Called Strike
3-1: Ground out 5-3 (Groundball, 56)
Batting: RHB Howard Barton 0-0: Foul Ball, location: 2F
0-1: Ball
1-1: Called Strike
1-2: Ground out 6-3 (Groundball, 6)
Batting: LHB Sting Ray Robb 0-0: Swinging Strike
0-1: Called Strike
0-2: Ball
1-2: SINGLE (Groundball, 34) (infield hit)
Pitching: RHP Luis López
Batting: RHB Andrés Escobar 0-0: Called Strike
0-1: Called Strike
0-2: Ball
1-2: Strikes out swinging
Bottom of the 6th over - 0 run(s), 1 hit(s), 0 error(s), 1 left on base; Asheville 5 - Lannister United 1
TOP OF THE 7TH
Asheville Highlanders batting - Pitching for Lannister United Lionhearts : LHP Gustavo Tobías
Batting: RHB Miguel Montoya 0-0: Called Strike
0-1: Ball
1-1: Ball
2-1: Ground out 1-3 (Groundball, 13)
Pitching: RHP Ramiro Flores
Batting: RHB Chris Oudekirk 0-0: Called Strike
0-1: Called Strike
0-2: Ball
1-2: Strikes out swinging
Batting: LHB Tomás Valenzuela 0-0: SINGLE (Line Drive, 6MD)
Batting: RHB Ron Spence 0-0: Ball
1-0: Fielders Choice at 2nd, 6-4 (Groundball, 6)
Top of the 7th over - 0 run(s), 1 hit(s), 0 error(s), 0 left on base; Asheville 5 - Lannister United 1
BOTTOM OF THE 7TH
Lannister United Lionhearts batting - Pitching for Asheville Highlanders : RHP Luis López
Batting: RHB Rob Berry 0-0: Called Strike
0-1: Fly out, F6 (Popup, 6D)
Batting: RHB Breanainn Swartwood 0-0: Called Strike
0-1: Ball
1-1: Ground out 6-3 (Groundball, 6)
Batting: RHB Tabor de Maria 0-0: Fly out, F9 (Flyball, 9LMF)
Bottom of the 7th over - 0 run(s), 0 hit(s), 0 error(s), 0 left on base; Asheville 5 - Lannister United 1
TOP OF THE 8TH
Asheville Highlanders batting - Pitching for Lannister United Lionhearts : RHP Ramiro Flores
Batting: RHB Esteban Olivo 0-0: Ground out 5-3 (Groundball, 56)
Batting: RHB Jan Gosselin 0-0: Foul Ball, location: 2F
0-1: Foul Ball, location: 2F
0-2: Ball
1-2: Ball
2-2: Fly out, F9 (Flyball, 9LSF)
Batting: RHB Ed Lastinger 0-0: Swinging Strike
0-1: Ball
1-1: Called Strike
1-2: Ball
2-2: Foul Ball, location: 2F
2-2: Ball
3-2: SINGLE (Line Drive, 89S)
Batting: RHB Marshall Attwood 0-0: Called Strike
0-1: Foul Ball, location: 2F
0-2: Strikes out swinging
Top of the 8th over - 0 run(s), 1 hit(s), 0 error(s), 1 left on base; Asheville 5 - Lannister United 1
BOTTOM OF THE 8TH
Lannister United Lionhearts batting - Pitching for Asheville Highlanders : RHP Luis López
Batting: LHB John O'Day 0-0: Called Strike
0-1: Ball
1-1: Foul Ball, location: 2F
1-2: Ball
2-2: Foul Ball, location: 2F
2-2: Fly out, F8 (Flyball, 8RD)
Batting: LHB Colin Worthington 0-0: Ball
1-0: Foul Ball, location: 2F
1-1: Ball
2-1: Ball
3-1: Called Strike
3-2: SINGLE (Groundball, 4D)
Batting: RHB Ron Morton 0-0: Ball
1-0: Swinging Strike
1-1: Ball
2-1: Ball
3-1: SINGLE (Groundball, 4MS) (infield hit)
Colin Worthington to second
Pitching: RHP Luis De La Hoya
Batting: RHB Howard Barton 0-0: Ball
1-0: Grounds into double play, 4-6-3 (Groundball, 4)
Bottom of the 8th over - 0 run(s), 2 hit(s), 0 error(s), 1 left on base; Asheville 5 - Lannister United 1
TOP OF THE 9TH
Asheville Highlanders batting - Pitching for Lannister United Lionhearts : RHP Ramiro Flores
Batting: RHB Bill Tan 0-0: Ball
1-0: Ball
2-0: Ball
3-0: Base on Balls
Batting: RHB Miguel Montoya 0-0: Called Strike
Bill Tan steals 2nd base
0-1: Ball
1-1: Intentional Walk
Batting: RHB Chris Oudekirk 0-0: Sac Bunt - play at first, batter OUT! 5-3
Bill Tan to third
Miguel Montoya to second
Batting: LHB Tomás Valenzuela 0-0: Ball
1-0: Ball
2-0: Ball
3-0: Base on Balls
Batting: RHB Ron Spence 0-0: Called Strike
0-1: Foul Ball, location: 2F
0-2: Ball
1-2: Ball
2-2: Foul Ball, location: 2F
2-2: Ball
3-2: Ground out 6-3 (Groundball, 6M)
Bill Tan scores
Miguel Montoya to third
Tomás Valenzuela to second
Batting: RHB Esteban Olivo 0-0: Ball
1-0: Foul Ball, location: 2F
1-1: Ball
2-1: Ball
3-1: Swinging Strike
3-2: Foul Ball, location: 2F
3-2: Ground out 6-3 (Groundball, 6MS)
Top of the 9th over - 1 run(s), 0 hit(s), 0 error(s), 2 left on base; Asheville 6 - Lannister United 1
BOTTOM OF THE 9TH
Lannister United Lionhearts batting - Pitching for Asheville Highlanders : RHP Luis De La Hoya
Batting: LHB Sting Ray Robb 0-0: SINGLE (Groundball, 3S) (infield hit)
Batting: RHB Andrés Escobar 0-0: Ball
1-0: 2-RUN HOME RUN (Flyball, 8LXD), Distance : 424 ft
Pitching: RHP Brandon McAllister
Batting: RHB Rob Berry 0-0: Ball
1-0: Swinging Strike
1-1: Called Strike
1-2: Strikes out swinging
Batting: RHB Breanainn Swartwood 0-0: Foul Ball, location: 2F
0-1: Ball
1-1: Hit by Pitch
Batting: RHB Tabor de Maria 0-0: Called Strike
0-1: Swinging Strike
0-2: Ball
1-2: Strikes out looking
Batting: LHB John O'Day 0-0: Ball
1-0: Ball
2-0: Ball
3-0: Foul Ball, location: 2F
3-1: Fly out, F8 (Flyball, 78D)
Bottom of the 9th over - 2 run(s), 2 hit(s), 0 error(s), 1 left on base; Asheville 6 - Lannister United 3
Thursday, August 31st, 2017 - OOTP Baseball 17.12 Build 75